MID
WEST VIRGINIA POWER @ ATLANTA (MID) BRAVES
06/28/2048
 
TOP OF THE 1ST
West Virginia Power batting - Pitching for Atlanta (MID) Braves : RHP Jeremy Hurley
Pitching: RHP Jeremy Hurley
Batting: RHB Jordan Robinson 0-0: Ball
1-0: Ground out 6-3 (Groundball, 6, EV 90.0 MPH)
Batting: LHB Donald Imre 0-0: Ball
1-0: SINGLE (Groundball, 56D, EV 97.5 MPH)
Batting: LHB Josh Aerni 0-0: Called Strike
0-1: Foul Ball, location: 2F
0-2: SINGLE (Groundball, 34D, EV 108.1 MPH)
Donald Imre to second
Throwing error, E9
Donald Imre scores
Josh Aerni to second
Batting: RHB Dave Fredericks 0-0: Foul Ball, location: 2F
0-1: Ball
1-1: Swinging Strike
1-2: Strikes out swinging
Batting: RHB Jaime Dubicki 0-0: Ball
1-0: Ball
2-0: SINGLE (Line Drive, 78S, EV 91.2 MPH)
Josh Aerni to third
Runner from 3rd tries for Home, throw by CF and OUT! 8-2
Top of the 1st over - 1 run, 3 hits, 1 error, 1 left on base; West Virginia 1 - Atlanta (MID) 0
BOTTOM OF THE 1ST
Atlanta (MID) Braves batting - Pitching for West Virginia Power : RHP Fred McIlrath
Pitching: RHP Fred McIlrath
Batting: RHB Toki Takeuchi 0-0: Called Strike
0-1: Foul Ball, location: 2F
0-2: Ball
1-2: Ball
2-2: SINGLE (Flyball, 4MD, EV 88.8 MPH)
Batting: RHB Nick Holsinger 0-0: Ball
1-0: SINGLE (Line Drive, 34D, EV 94.4 MPH)
Toki Takeuchi to second
Runner from 2nd tries for 3rd, OUT! 9-5
Batting: RHB Zheng-ze King 0-0: SINGLE (Flyball, 78S, EV 88.8 MPH)
Nick Holsinger to second
Batting: SHB Richello Badua 0-0: Called Strike
0-1: Swinging Strike
0-2: Ball
1-2: Strikes out looking
Batting: RHB Josh McCormick 0-0: Called Strike
0-1: Foul Ball, location: 2F
0-2: Ball
1-2: Strikes out swinging
Bottom of the 1st over - 0 runs, 3 hits, 0 errors, 2 left on base; West Virginia 1 - Atlanta (MID) 0
TOP OF THE 2ND
West Virginia Power batting - Pitching for Atlanta (MID) Braves : RHP Jeremy Hurley
Batting: RHB Brandon White 0-0: Ball
1-0: Ball
2-0: Called Strike
2-1: SINGLE (Line Drive, 56, EV 108.8 MPH)
Batting: RHB Tim Moore 0-0: SINGLE (Groundball, 4, EV 100.0 MPH)
Brandon White to second
Brandon White to third
Batting: RHB Killian Jones 0-0: Ball
1-0: Ball
2-0: Called Strike
2-1: Ball
3-1: Base on Balls
Tim Moore to second
Batting: RHB Bob Raine 0-0: Called Strike
0-1: Fielders Choice at 2nd, 6-4 (Groundball, 6, EV 85.6 MPH)
Brandon White scores
Tim Moore to third
Batting: RHB Jordan Robinson 0-0: Ball
Wild Pitch!
Tim Moore scores
Bob Raine to second
1-0: Called Strike
1-1: Ball
2-1: DOUBLE (Line Drive, 5D, EV 101.9 MPH)
Bob Raine scores
Batting: LHB Donald Imre 0-0: SINGLE (Line Drive, 4M, EV 105.0 MPH)
Jordan Robinson to third
Batting: LHB Josh Aerni 0-0: Called Strike
0-1: Fly out, F8 (Flyball, 8RM, EV 92.5 MPH)
Runner from 3rd tags up, SCORES, no throw by CF
Batting: RHB Dave Fredericks 0-0: Called Strike
0-1: Called Strike
0-2: Fly out, F9 (Line Drive, 9S, EV 93.1 MPH)
Top of the 2nd over - 4 runs, 4 hits, 0 errors, 1 left on base; West Virginia 5 - Atlanta (MID) 0
BOTTOM OF THE 2ND
Atlanta (MID) Braves batting - Pitching for West Virginia Power : RHP Fred McIlrath
Batting: LHB Oke Monti 0-0: Ball
1-0: Ball
2-0: Called Strike
2-1: Foul Ball, location: 2F
2-2: Ground out 5-3 (Groundball, 56S, EV 86.2 MPH)
Batting: RHB Gerard Michel 0-0: Fly out, F8 (Flyball, 8RD, EV 98.1 MPH)
Batting: LHB Joe Phillips 0-0: Ball
1-0: Called Strike
1-1: Ground out 4-3 (Groundball, 4, EV 91.2 MPH)
Bottom of the 2nd over - 0 runs, 0 hits, 0 errors, 0 left on base; West Virginia 5 - Atlanta (MID) 0
TOP OF THE 3RD
West Virginia Power batting - Pitching for Atlanta (MID) Braves : RHP Jeremy Hurley
Batting: RHB Jaime Dubicki 0-0: Ball
1-0: Called Strike
1-1: SINGLE (Groundball, 6D, EV 93.8 MPH)
Batting: RHB Brandon White 0-0: Called Strike
0-1: Called Strike
0-2: Foul Ball, location: 2F
0-2: Ball
1-2: Strikes out swinging
Batting: RHB Tim Moore 0-0: Ball
1-0: Called Strike
1-1: Ball
2-1: Fielders Choice at 2nd, 4-6 (Groundball, 13, EV 90.0 MPH)
Batting: RHB Killian Jones 0-0: Ball
1-0: Foul Ball, location: 2F
1-1: Ground out 5-3 (Groundball, 56S, EV 89.4 MPH)
Top of the 3rd over - 0 runs, 1 hit, 0 errors, 1 left on base; West Virginia 5 - Atlanta (MID) 0
BOTTOM OF THE 3RD
Atlanta (MID) Braves batting - Pitching for West Virginia Power : RHP Fred McIlrath
Batting: RHB George Provance 0-0: Ground out U3 (Groundball, 34, EV 103.8 MPH)
Batting: RHB Toki Takeuchi 0-0: Ball
1-0: SINGLE (Groundball, 56D, EV 106.9 MPH)
Batting: RHB Nick Holsinger 0-0: Ball
Toki Takeuchi steals 2nd base
1-0: Called Strike
1-1: Ball
2-1: Ball
3-1: Base on Balls
Batting: RHB Zheng-ze King 0-0: Called Strike
0-1: Foul Ball, location: 2F
0-2: Strikes out swinging
Batting: SHB Richello Badua 0-0: Ball
1-0: Ball
2-0: 3-RUN HOME RUN (Flyball, 9D, EV 92.5 MPH), Distance : 346 ft
Batting: RHB Josh McCormick 0-0: Ball
1-0: Ball
2-0: Ball
3-0: Base on Balls
Batting: LHB Oke Monti 0-0: Ball
1-0: Swinging Strike
1-1: Foul Ball, location: 2F
1-2: Strikes out swinging
Bottom of the 3rd over - 3 runs, 2 hits, 0 errors, 1 left on base; West Virginia 5 - Atlanta (MID) 3
TOP OF THE 4TH
West Virginia Power batting - Pitching for Atlanta (MID) Braves : RHP Jeremy Hurley
Batting: RHB Bob Raine 0-0: Ball
1-0: Foul Ball, location: 2F
1-1: Called Strike
1-2: Foul Ball, location: 2F
1-2: Ball
2-2: Strikes out looking
Batting: RHB Jordan Robinson 0-0: Ground out 6-3 (Groundball, 6, EV 91.2 MPH)
Batting: LHB Donald Imre 0-0: Ball
1-0: Foul Ball, location: 2F
1-1: Ball
2-1: DOUBLE (Flyball, 89D, EV 100.6 MPH)
Pitching: RHP Dan Spahn
Batting: LHB Josh Aerni 0-0: Ball
1-0: Swinging Strike
1-1: Foul Ball, location: 2F
1-2: Strikes out swinging
Top of the 4th over - 0 runs, 1 hit, 0 errors, 1 left on base; West Virginia 5 - Atlanta (MID) 3
BOTTOM OF THE 4TH
Atlanta (MID) Braves batting - Pitching for West Virginia Power : RHP Fred McIlrath
Batting: RHB Gerard Michel 0-0: Ball
1-0: Fly out, F8 (Flyball, 89D, EV 81.2 MPH)
Batting: LHB Joe Phillips 0-0: Ball
1-0: Ground out 4-3 (Groundball, 4, EV 101.9 MPH)
Batting: RHB George Provance 0-0: Ball
1-0: Ball
2-0: Ground out 5-3 (Groundball, 5S, EV 84.4 MPH)
Bottom of the 4th over - 0 runs, 0 hits, 0 errors, 0 left on base; West Virginia 5 - Atlanta (MID) 3
TOP OF THE 5TH
West Virginia Power batting - Pitching for Atlanta (MID) Braves : RHP Dan Spahn
Batting: RHB Dave Fredericks 0-0: SOLO HOME RUN (Flyball, 78XD, EV 103.8 MPH), Distance : 402 ft
Batting: RHB Jaime Dubicki 0-0: Ball
1-0: Foul Ball, location: 2F
1-1: Ball
2-1: Ground out 5-3 (Groundball, 56S, EV 73.8 MPH)
Batting: RHB Brandon White 0-0: Ground out 5-3 (Groundball, 56S, EV 91.2 MPH)
Batting: RHB Tim Moore 0-0: Ball
1-0: Swinging Strike
1-1: Ball
2-1: Foul Ball, location: 2F
2-2: Fly out, F8 (Flyball, 89D, EV 84.4 MPH)
Top of the 5th over - 1 run, 1 hit, 0 errors, 0 left on base; West Virginia 6 - Atlanta (MID) 3
BOTTOM OF THE 5TH
Atlanta (MID) Braves batting - Pitching for West Virginia Power : RHP Fred McIlrath
Batting: RHB Toki Takeuchi 0-0: Ball
1-0: Ball
2-0: Ball
3-0: Base on Balls
Batting: RHB Nick Holsinger 0-0: Called Strike
0-1: Swinging Strike
0-2: Ball
Wild Pitch!
Toki Takeuchi to second
1-2: Strikes out swinging
Batting: RHB Zheng-ze King 0-0: Ball
Toki Takeuchi steals 3rd base
1-0: Called Strike
1-1: Foul Ball, location: 2F
1-2: 2-RUN HOME RUN (Flyball, 89XD, EV 105.0 MPH), Distance : 402 ft
Pitching: RHP Mike Rosen
Batting: SHB Richello Badua 0-0: Ball
1-0: Foul Ball, location: 2F
1-1: Ball
2-1: Ball
3-1: Fly out, F6 (Line Drive, 6M, EV 63.8 MPH)
Batting: RHB Josh McCormick 0-0: Ball
1-0: Called Strike
1-1: Foul Ball, location: 2F
1-2: Fly out, F9 (Line Drive, 89M, EV 85.6 MPH)
Bottom of the 5th over - 2 runs, 1 hit, 0 errors, 0 left on base; West Virginia 6 - Atlanta (MID) 5
TOP OF THE 6TH
West Virginia Power batting - Pitching for Atlanta (MID) Braves : RHP Dan Spahn
Batting: RHB Killian Jones 0-0: Ball
1-0: Ball
2-0: Fly out, F7 (Flyball, 7, EV 88.8 MPH)
Batting: RHB Bob Raine 0-0: Fly out, F9 (Line Drive, 9S, EV 88.8 MPH)
Batting: RHB Jordan Robinson 0-0: Ball
1-0: Ball
2-0: Ball
3-0: Base on Balls
Batting: LHB Donald Imre 0-0: Ball
Jordan Robinson steals 2nd base
1-0: Called Strike
1-1: Called Strike
1-2: Ball
2-2: SINGLE (Line Drive, 7S, EV 98.1 MPH)
Jordan Robinson to third
Runner from 3rd tries for Home, SAFE, throw by LF to home
Batting: LHB Josh Aerni 0-0: Foul Ball, location: 2F
0-1: Ground out 2-3 (Groundball, 2R, EV 69.4 MPH)
Top of the 6th over - 1 run, 1 hit, 0 errors, 1 left on base; West Virginia 7 - Atlanta (MID) 5
BOTTOM OF THE 6TH
Atlanta (MID) Braves batting - Pitching for West Virginia Power : RHP Mike Rosen
Batting: LHB Oke Monti 0-0: Ball
1-0: Called Strike
1-1: Ground out U3 (Groundball, 3, EV 76.9 MPH)
Batting: RHB Gerard Michel 0-0: Called Strike
0-1: Foul Ball, location: 2F
0-2: Foul Ball, location: 2F
0-2: Strikes out swinging
Batting: LHB Joe Phillips 0-0: SINGLE (Line Drive, 6M, EV 105.0 MPH)
Batting: RHB George Provance 0-0: Called Strike
0-1: Ground out 4-3 (Groundball, 34, EV 90.6 MPH)
Bottom of the 6th over - 0 runs, 1 hit, 0 errors, 1 left on base; West Virginia 7 - Atlanta (MID) 5
TOP OF THE 7TH
West Virginia Power batting - Pitching for Atlanta (MID) Braves : RHP Dan Spahn
Pitching: RHP Ioakim Mozgo
Batting: RHB Dave Fredericks 0-0: Hit by Pitch
Batting: RHB Jaime Dubicki 0-0: Grounds into double play, 4-6-3 (Groundball, 34, EV 104.4 MPH)
Batting: RHB Brandon White 0-0: Called Strike
0-1: Ball
1-1: Ball
2-1: Ground out 6-3 (Groundball, P, EV 78.1 MPH)
Top of the 7th over - 0 runs, 0 hits, 0 errors, 0 left on base; West Virginia 7 - Atlanta (MID) 5
BOTTOM OF THE 7TH
Atlanta (MID) Braves batting - Pitching for West Virginia Power : RHP Mike Rosen
Batting: RHB Toki Takeuchi 0-0: DOUBLE (Line Drive, 89M, EV 108.1 MPH)
Batting: RHB Nick Holsinger 0-0: Called Strike
0-1: Ball
1-1: Foul Ball, location: 2F
1-2: Strikes out swinging
Batting: RHB Zheng-ze King 0-0: Ball
Toki Takeuchi steals 3rd base
1-0: Ball
2-0: Called Strike
2-1: Ball
3-1: Foul Ball, location: 2F
3-2: Ground out U3 (Groundball, 3, EV 89.4 MPH)
Batting: SHB Richello Badua 0-0: Foul Ball, location: 2F
0-1: Called Strike
0-2: Ball
1-2: Strikes out swinging
Bottom of the 7th over - 0 runs, 1 hit, 0 errors, 1 left on base; West Virginia 7 - Atlanta (MID) 5
TOP OF THE 8TH
West Virginia Power batting - Pitching for Atlanta (MID) Braves : RHP Ioakim Mozgo
Batting: RHB Tim Moore 0-0: Foul Ball, location: 2F
0-1: Called Strike
0-2: Ball
1-2: Foul Ball, location: 2F
1-2: Fly out, F9 (Flyball, 9D, EV 105.6 MPH)
Batting: RHB Killian Jones 0-0: Ball
1-0: Foul Ball, location: 2F
1-1: Called Strike
1-2: Foul Ball, location: 2F
1-2: Strikes out looking
Batting: RHB Bob Raine 0-0: Ball
1-0: DOUBLE (Groundball, 5L, EV 98.8 MPH)
Batting: RHB Jordan Robinson 0-0: Ball
1-0: Swinging Strike
1-1: Swinging Strike
1-2: Foul Ball, location: 2F
1-2: Strikes out swinging, 2-3 out at first.
Top of the 8th over - 0 runs, 1 hit, 0 errors, 1 left on base; West Virginia 7 - Atlanta (MID) 5
BOTTOM OF THE 8TH
Atlanta (MID) Braves batting - Pitching for West Virginia Power : RHP Mike Rosen
Pitching: LHP Grady Hebert
Now in LF: Dave Fredericks
Now in CF: Jordan Robinson
Now in RF: Perry Dominey
Batting: RHB Josh McCormick 0-0: Ball
1-0: Ball
2-0: Swinging Strike
2-1: Ball
3-1: Base on Balls
Batting: LHB Oke Monti 0-0: Ball
1-0: Grounds into double play, 4-6-3 (Groundball, 4, EV 102.5 MPH)
Batting: RHB Gerard Michel 0-0: Ball
1-0: Ball
2-0: Ground out 3-1 (Groundball, 34, EV 83.1 MPH)
Bottom of the 8th over - 0 runs, 0 hits, 0 errors, 0 left on base; West Virginia 7 - Atlanta (MID) 5
TOP OF THE 9TH
West Virginia Power batting - Pitching for Atlanta (MID) Braves : RHP Ioakim Mozgo
Pitching: RHP Jeremy Armstrong
Batting: LHB Donald Imre 0-0: Foul Ball, location: 2F
0-1: Ball
1-1: Ball
2-1: Foul Ball, location: 2F
2-2: Strikes out swinging
Batting: LHB Josh Aerni 0-0: Ball
1-0: Called Strike
1-1: Called Strike
1-2: Foul Ball, location: 2F
1-2: Strikes out swinging
Batting: RHB Dave Fredericks 0-0: Ball
1-0: Swinging Strike
1-1: Ball
2-1: Fly out, F9 (Flyball, 9, EV 93.1 MPH)
Top of the 9th over - 0 runs, 0 hits, 0 errors, 0 left on base; West Virginia 7 - Atlanta (MID) 5
BOTTOM OF THE 9TH
Atlanta (MID) Braves batting - Pitching for West Virginia Power : LHP Grady Hebert
Pitching: RHP Joel Olausson
Batting: LHB Joe Phillips 0-0: SINGLE (Groundball, 5D, EV 105.6 MPH)
Pinch Hitting: LHB Andres Aldape 0-0: Ball
1-0: Foul Ball, location: 2F
1-1: Swinging Strike
1-2: Strikes out swinging
Batting: RHB Toki Takeuchi 0-0: Grounds into double play, 5-4-3 (Groundball, 56, EV 79.4 MPH)
Bottom of the 9th over - 0 runs, 1 hit, 0 errors, 0 left on base; West Virginia 7 - Atlanta (MID) 5
Tuesday, March 28th , 2023 - OOTP Baseball 23.10 Build 110